 Dungeon Crawl Stone Soup version 0.32-a0-473-gd044c6f0f0 (webtiles) character file.

Game seed: 9184778143036032891

43 drugrobin the Sneak (level 3, 0/30 HPs)
             Began as a Demigod Delver on Feb 25, 2024.
             Slain by a ribbon worm (8 damage)
             ... on level 3 of the Dungeon.
             The game lasted 00:03:49 (688 turns).

drugrobin the Sneak (Demigod Delver)                 Turns: 688, Time: 00:03:49

Health: 0/30       AC:  3    Str: 17    XL:     3   Next: 20%
Magic:  5/5        EV: 12    Int: 12    God:
Gold:   21         SH:  0    Dex: 15    Spells: 2/2 levels left

rFire   . . .        a - +2 hand axe (elec)
rCold   . . .        (no shield)
rNeg    . . .        b - +0 leather armour
rPois   .            (no helmet)
rElec   .            (no cloak)
rCorr   .            (no gloves)
SInv    .            (no boots)
Will    .....        (no amulet)
Stlth   +++          (no ring)
HPRegen 0.25/turn    (no ring)
MPRegen 0.09/turn

%: no passive effects
@: no status effects
A: high MP 1, forlorn, divine attributes
a: no special abilities


You were on level 3 of the Dungeon.
You visited 1 branch of the dungeon, and saw 3 of its levels.

You collected 45 gold pieces.
You spent 24 gold pieces at shops.

Inventory:

Hand Weapons
 a - a +2 hand axe of electrocution (weapon)
 i - a +0 whip
 k - a +2 battleaxe of flaming
 l - a +0 mace
Missiles
 j - 3 boomerangs (quivered)
Armour
 b - a +0 leather armour (worn)
 h - a +0 chain mail
Wands
 e - a wand of flame (18)
 g - a wand of digging (2)
Scrolls
 c - a scroll of fog
 d - a scroll of revelation
 n - a scroll of identify
Potions
 f - a potion of haste


   Skills:
 - Level 2.6 Fighting
 + Level 3.5 Maces & Flails
 - Level 1.7 Dodging
 - Level 4.5 Stealth


You had 2 spell levels left.
You didn't know any spells.
Your spell library was empty.

Dungeon Overview and Level Annotations

Branches:
Dungeon (5/15)
 Temple: D:4-7

Shops:
D:4 **

Annotations:
D:3 Sigmund, Terence
D:5 exclusion: door, Edmund


Innate Abilities, Weirdness & Mutations

You have an increased reservoir of magic. (+10% MP)
You shall have no god before yourself.
Your divine heritage dramatically boosts your attributes as you level up.


Message History

There is an open door here.
There is an open door here.
The ribbon worm expels a string of sticky webbing.
The stream of webbing hits you but does no damage.
You are caught in a web!
There is an open door here.
Unknown command.
Unknown command.
The ribbon worm barely misses you.
You completely miss the ribbon worm.
You barely miss the ribbon worm. x2; The ribbon worm bites you!
The ribbon worm closely misses you.
You hit the ribbon worm.
The ribbon worm is moderately wounded.
You hit the ribbon worm. The ribbon worm barely misses you.
The ribbon worm closely misses you.
Unknown command.
You hit the ribbon worm but do no damage.
Lightning courses through the ribbon worm!
The ribbon worm is heavily wounded.
The ribbon worm bites you.
You hit the ribbon worm.
Lightning courses through the ribbon worm!!
You kill the ribbon worm!
The ribbon worm expels a string of sticky webbing.
The stream of webbing hits you but does no damage.
You are caught in a web!
You struggle to detach yourself from the web.
You struggle to detach yourself from the web.
The web tears apart.
The ribbon worm bites you.
You barely miss the ribbon worm. The ribbon worm bites you.
You hit the ribbon worm.
Lightning courses through the ribbon worm!
The ribbon worm is severely wounded.
The ribbon worm bites you!
* * * LOW HITPOINT WARNING * * *
You hit the ribbon worm.
The ribbon worm is almost dead.
The ribbon worm bites you!
You die...

.. ..##.. #.# .#
#...?.. ... ..
..####.# #......
.... #.[....#
#####.. ....
#....w.# #..
####......# ###
#.........#
#..[..$...#
#......##.##
#......w@..######
#
#......##..#....#
#
#########.......#
# #.#.....## ##
#.##.....## #.
#.........######.
#.............##.
#.............##.
#.............##.


You could see a ribbon worm.

Vanquished Creatures
  A ribbon worm (D:3)
  10 orcs
  2 endoplasms
  A goblin (D:3)
  2 hobgoblins
  7 jackals
  A quokka (D:5)
  2 kobolds
26 creatures vanquished.

Notes
Turn   | Place    | Note
-------+----------+-------------------------------------------
     0 | D:5      | drugrobin the Demigod Delver began the quest for the Orb.
     0 | D:5      | Reached XP level 1. HP: 18/18 MP: 3/3
    68 | D:5      | Noticed a hound
    89 | D:5      | Noticed Edmund
    89 | D:5      | Noticed a sleepcap
   137 | D:5      | Noticed an ogre
   137 | D:5      | Noticed an iguana
   145 | D:5      | Noticed an iguana
   324 | D:5      | Reached XP level 2. HP: 21/25 MP: 4/4
   449 | D:4      | Found Lobesk's General Store.
   452 | D:4      | Found Depseofe's Specific Store.
   460 | D:4      | Bought a scroll of identify for 24 gold pieces
   499 | D:3      | Noticed Terence
   565 | D:3      | Reached XP level 3. HP: 26/30 MP: 5/5
   628 | D:3      | Noticed Sigmund
   688 | D:3      | Slain by a ribbon worm

Illustrated notes

Levels and vault maps discovered:
D:3:      layout_basic, uniq_sigmund, uniq_terence
D:4:      layout_cave_pools, minmay_temple_entry_from_below_b,
          nicolae_specific_store
D:5:      minmay_chambers_of_threes, layout_basic, uniq_eustachio, uniq_edmund

Skill      XL: |  1  2 |
---------------+-------+-----
Maces & Flails | 2 3 |  3.5
Fighting       | |  2.6
Dodging        | |  1.7
Stealth        | |  4.5

Action                     || total
---------------------------++-------
  Melee: Mace              ||    19
         Battleaxe         ||    12
         Hand axe          ||    20
  Evoke: Wand              ||     1
    Use: Scroll            ||     2
   Stab: Sleeping          ||     3
 Armour: Leather armour    ||    29
  Dodge: Dodged            ||    45

Table legend: (Time is in decaauts)
 A = Elapsed time spent in this place.
 B = Non-inter-level travel time spent in this place.
 C = Inter-level travel time spent in this place.
 D = Time resting spent in this place.
 E = Time spent auto-exploring this place.
 F = Levels seen in this place.
 G = Mean time per level.
                   A        B        C        D        E       F      G
               +--------+--------+--------+--------+--------+-----+--------+
         Total |    705 |    696 |      9 |     27 |    185 |   3 |  235.0 |
       Dungeon |    705 |    696 |      9 |     27 |    185 |   3 |  235.0 |
               +--------+--------+--------+--------+--------+-----+--------+

Top non-repeatable levels by time:
     D:5: 421 daAuts
     D:3: 192 daAuts
     D:4: 91 daAuts
